Map: Berlingrad LE

Players

LiquidClem (Clem)

  • Race: Terran Terran

DPGZest (Zest) - Winner!

  • Race: Protoss Protoss
  • League: Master

Event: StayAtHome Story Cup #4

VOD

Have the link to the VOD?

Description

Time

  • Played on: Oct. 23, 2021, 12:42 p.m.
  • Length: 7:28

All games in this series

Show
View Real Time Build Order
Export as new Build Order

LiquidClem Terran 

Build Orders:  

Get SALT Encoding   

  12  0:00  SCV  
  13  0:12  SCV  
  14  0:17  Supply Depot  
  14  0:24  SCV  
  15  0:38  SCV  
  15  0:39  Barracks  
  16  0:44  Refinery  
  16  0:50  SCV  
  17  1:02  SCV  
  18  1:14  SCV  
  19  1:26  Marine  
  19  1:27  Orbital Command  
  20  1:40  Command Center  
  20  1:44  Barracks Tech Lab  
  20  1:53  Supply Depot  
  20  1:55  SCV  
  21  2:03  Concussive Shells  
  21  2:05  Marauder  
  23  2:14  SCV  
  24  2:23  Barracks  
  24  2:26  SCV, Marauder  
  27  2:38  SCV  
  28  2:47  Marine  
  28  2:48  Barracks  
  28  2:50  SCV  
  30  2:53  Orbital Command  
  30  2:57  Stimpack  
  29  3:03  SCV  
  30  3:06  Supply Depot  
  30  3:07  Marine  
  30  3:10  Barracks Reactor  
  31  3:15  SCV  
  31  3:19  SCV  
  33  3:25  Marine  
  33  3:27  SCV  
  33  3:31  SCV  
  33  3:36  Engineering Bay  
  33  3:37  Marine  
  33  3:39  SCV  
  35  3:43  SCV  
  35  3:45  Supply Depot  
  35  3:47  Marine  
  35  3:48  Marine  
  36  3:49  Marauder  
  36  3:50  Bunker  
  36  3:51  SCV  
  36  3:55  SCV, Barracks Tech Lab  
  40  4:03  SCV  
  40  4:05  Terran Infantry Weapons Level 1, Marine x2  
  40  4:07  SCV  
  40  4:09  Missile Turret  
  44  4:12  Marauder  
  44  4:13  Supply Depot  
  44  4:15  Marauder  
  48  4:18  SCV  
  48  4:20  SCV  
  50  4:24  Marine x2  
  50  4:27  Supply Depot  
  50  4:29  Refinery  
  50  4:30  SCV  
  53  4:33  Marine  
  53  4:35  SCV  
  53  4:36  Marine  
  56  4:40  Factory  
  56  4:42  SCV, Marine  
  56  4:45  Marine  
  58  4:47  Supply Depot  
  58  4:51  Refinery  
  58  4:53  SCV, Marauder  
  58  4:56  Marauder  
  58  4:58  SCV  
  64  5:02  Refinery  
  64  5:04  Marine  
  65  5:09  Marine  
  65  5:10  SCV  
  65  5:13  Supply Depot  
  65  5:14  Marauder  
  65  5:17  SCV  
  68  5:22  Marauder  
  68  5:23  SCV  
  68  5:24  Starport  
  68  5:28  Marine x2  
  71  5:30  Factory Reactor  
  71  5:32  Supply Depot, SCV  
  74  5:36  SCV  
  74  5:37  Marauder  
  76  5:43  Marine  
  76  5:45  SCV  
  76  5:46  Marine  
  76  5:49  Marine  
  77  5:51  Combat Shield  
  77  5:56  Bunker  
  72  5:58  SCV x2  
  72  6:00  Marauder  
  72  6:02  Marauder  
  72  6:04  Marine  
  78  6:07  Marine  
  78  6:10  Medivac  
  79  6:12  Factory Tech Lab, Medivac  
  78  6:21  Marine  
  78  6:22  Marauder  
  78  6:25  Marine  
  75  6:26  Marauder  
  65  6:35  Siege Tank  
  65  6:39  Marine, Command Center  
  69  6:43  Marine  
  69  6:45  SCV x2  
  69  6:46  Marauder  
  62  6:56  Marauder  
  62  6:58  SCV  
  62  6:59  Marine  
  62  7:00  SCV  
  53  7:01  Marine  
  43  7:10  SCV  
  43  7:13  SCV  
Show
View Real Time Build Order
Export as new Build Order

DPGZest Protoss - Winner!

Build Orders: 1 Gate Expand, Blink Stalkers 

Get SALT Encoding   

  12  0:00  Probe  
  13  0:12  Probe  
  14  0:18  Pylon  
  14  0:24  Probe (Chrono Boost)  
  15  0:36  Probe (Chrono Boost)  
  15  0:37  Gateway  
  16  0:45  Probe (Chrono Boost)  
  16  0:46  Assimilator  
  17  0:51  Probe  
  18  1:03  Probe  
  19  1:15  Probe  
  20  1:24  Cybernetics Core  
  20  1:31  Nexus  
  20  1:34  Probe  
  21  1:41  Pylon  
  21  1:47  Probe  
  22  1:48  Assimilator  
  22  1:57  Adept (Chrono Boost)  
  22  1:58  Warp Gate (Chrono Boost)  
  22  1:59  Probe  
  25  2:11  Probe  
  26  2:18  Twilight Council  
  26  2:23  Probe  
  26  2:27  Stalker  
  29  2:35  Probe  
  30  2:44  Probe  
  31  2:46  Gateway  
  31  2:47  Probe  
  32  2:52  Blink (Chrono Boost)  
  32  2:56  Probe  
  33  3:01  Probe  
  34  3:08  Probe  
  35  3:13  Probe  
  35  3:18  Robotics Facility  
  36  3:20  Probe  
  36  3:26  Probe  
  38  3:32  Probe  
  37  3:38  Probe  
  37  3:40  Stalker x2  
  40  3:44  Probe  
  40  3:50  Probe  
  41  3:57  Gateway  
  41  3:58  Gateway  
  41  4:01  Warp Prism (Chrono Boost)  
  42  4:08  Pylon  
  43  4:11  Stalker  
  43  4:14  Pylon  
  43  4:16  Probe  
  46  4:27  Stalker  
  46  4:28  Probe x2  
  46  4:31  Observer  
  51  4:36  Stalker  
  53  4:40  Pylon  
  53  4:45  Assimilator  
  53  4:57  Pylon  
  53  4:59  Stalker x3  
  59  5:00  Stalker  
  61  5:17  Probe x2  
  63  5:22  Stalker  
  63  5:23  Stalker x2, Zealot  
  71  5:36  Observer  
  71  5:53  Stalker x2  
  71  5:54  Stalker x2  
  71  5:55  Probe x2  
  77  6:01  Pylon  
  77  6:03  Assimilator  
  77  6:07  Probe  
  78  6:12  Nexus, Observer  
  78  6:19  Probe x2  
  80  6:27  Stalker x4  
  80  6:31  Probe x2  
  74  6:52  Stalker x4  
  72  7:10  Probe  
  69  7:17  Stalker x4  
  69  7:22  Pylon  
Tags
 
Add a new tag
Caveats
  • Supply blocks, unpowered buildings, or Contaminate may cause inaccurate times.
  • Supply counts are checked every 10 seconds.